 Dungeon Crawl Stone Soup version 0.29.1-15-g9cfb28693d (webtiles) character file.

Game seed: 5937896030337091918

29 Heoruswealwe the Digger (level 3, 19/19 HPs)
             Began as a Deep Elf Earth Elementalist on May 1, 2023.
             Got out of the dungeon alive.
             The game lasted 00:07:12 (1427 turns).

Heoruswealwe the Digger (DEEE)                      Turns: 1427, Time: 00:07:13

Health: 19/19      AC:  2    Str: 11    XL:     3   Next: 1%
Magic:  10/10      EV: 12    Int: 21    God:
Gold:   78         SH:  0    Dex: 15    Spells: 4/10 levels left

rFire   . . .      SeeInvis .   b - +2 dagger (venom)
rCold   . . .      Faith    .   (no shield)
rNeg    . . .      Spirit   .   c - +0 robe
rPois   .          Reflect  .   (no helmet)
rElec   .          Harm     .   (no cloak)
rCorr   .          Rampage  .   (no gloves)
Will    .....                   (no boots)
Stlth   ++........              (no amulet)
HPRegen 0.06/turn               f - +6 ring of strength
MPRegen 0.12/turn               (no ring)

@: no status effects
A: no striking features
a: no special abilities


You escaped.
You visited 1 branch of the dungeon, and saw 1 of its levels.

You collected 78 gold pieces.

Inventory:

Hand Weapons
 b - a +2 dagger of venom (weapon)
Armour
 c - a +0 robe (worn)
 d - a +0 robe
Jewellery
 f - a +6 ring of strength (left hand)
Scrolls
 a - a scroll of butterflies
Potions
 e - a potion of flight {unknown}
 h - a potion of magic
 i - a potion of heal wounds {unknown}


   Skills:
 - Level 2.4(1.2) Dodging
 - Level 2.4(1.2) Stealth
 + Level 4.0(2.0) Spellcasting
 - Level 1.1(0.5) Transmutations
 + Level 4.0(2.0) Earth Magic


You had 4 spell levels left.
You knew the following spells:

 Your Spells              Type           Power      Damage    Failure   Level
a - Sandblast             Erth           20%        2d7       6%          1
b - Stone Arrow           Conj/Erth      12%        3d7       28%         3
z - Passwall              Tmut/Erth      5%         N/A       13%         2

Your spell library contained the following spells:

 Spells                   Type           Power      Damage    Failure   Level
 Petrify                  Tmut/Erth      7%         N/A       65%         4
 Corpse Rot               Necr/Pois/Air  2%         N/A       82%         4
 Dispel Undead            Necr           2%         3d7       82%         4
 Death Channel            Necr           1%         N/A       100%        6


Dungeon Overview and Level Annotations

Branches:
Dungeon (1/15)

Altars:
Ashenzari


Message History

You now have 63 gold pieces (gained 7).
You see here a +2 dagger of venom.
You see here a +2 dagger of venom.
h - a +2 dagger of venom Your +2 dagger of venom begins to drip with poison!
h - a +2 dagger of venom (weapon)
Adjust to which letter? (? for menu, Esc to quit)
b - a +2 dagger of venom (weapon);
h - a potion of magic
Found 3 stones.
Found a yellow potion.
i - a yellow potion
Found 15 gold pieces.
You see here 3 stones.
You now have 78 gold pieces (gained 15).
Found 3 scrolls labelled RORISYUFIWK.
j - 3 scrolls labelled RORISYUFIWK The air fills with toxic fumes!
As you read the scroll labelled RORISYUFIWK, it crumbles to dust.
It was a scroll of poison.
You start waiting.
Done waiting.
You drop 2 scrolls of poison.
As you read the scroll labelled PUARRERERU, it crumbles to dust.
You hear the tinkle of a tiny bell.
It was a scroll of butterflies.
As you read the scroll labelled UWNUGU MAITE, it crumbles to dust.
Wisps of shadow whirl around you...
It was a scroll of summoning.
You swap places.
You start waiting.
Your butterfly disappears in a burst of colours! x10
Your ball python dissolves into shadows!
Your frilled lizard dissolves into shadows!
Done waiting.
You enter the shallow water.
Moving in this stuff is going to be slow.
You enter the shallow water.
Moving in this stuff is going to be slow.
There is an open door here.
There is a staircase leading out of the dungeon here.
Are you sure you want to leave the Dungeon?
This will make you lose the game!
You have escaped!

#....##.#########.###.#
#.
#..####.##########.#.##
#. #..####.#......#
##..# #.
#.......#.####.#####.#
#.
#.#######.##~~~~~###.#
#.
#.........##♣~~~♣##..#
####.
#########.###.~♣######
#.... #.#.##~##.# #.###
###@.'~'..# #.#
#.##~##.# #.# ###♣~♣###
#.# #P~~~♣# #.# #~~~~~#
#.# ###~### #.# # ###
#.# # ######.# #
##...##.# #


There were no monsters in sight!

Vanquished Creatures
  A dart slug (D:1)
  7 ball pythons (D:1)
  2 endoplasms (D:1)
  A giant cockroach (D:1)
  2 goblins (D:1)
  3 hobgoblins (D:1)
  2 kobolds (D:1)
  2 quokkas (D:1)
  3 bats (D:1)
23 creatures vanquished.

Vanquished Creatures (others)
  A plant (D:1)
1 creature vanquished.

Grand Total: 24 creatures vanquished

Notes
Turn   | Place    | Note
-------+----------+-------------------------------------------
     0 | D:1      | Heoruswealwe the Deep Elf Earth Elementalist began the
                  | quest for the Orb.
     0 | D:1      | Reached XP level 1. HP: 10/10 MP: 6/6
   785 | D:1      | Reached XP level 2. HP: 15/15 MP: 1/8
   790 | D:1      | Learned a level 2 spell: Passwall
   858 | D:1      | Found a faded altar of an unknown god.
   870 | D:1      | Prayed at the altar of an unknown god.
   870 | D:1      | Became a worshipper of Ashenzari the Shackled
   897 | D:1      | Fell from the grace of Ashenzari
  1021 | D:1      | Reached XP level 3. HP: 19/19 MP: 1/10
  1025 | D:1      | Learned a level 3 spell: Stone Arrow
  1427 | D:$      | Got out of the dungeon alive.

Illustrated notes

Levels and vault maps discovered:
D:1:      sevenhm_arrival_forest_fort_small_4, layout_loops_cross,
          basic_ecumenical_altar, minmay_tromino_v7

Skill      XL: |  1  2 |
---------------+-------+-----
Spellcasting   | 4 |  4.0
Earth Magic    | 4 |  4.0
Dodging        | |  2.4
Stealth        | |  2.4
Transmutations | |  1.1

Action                   || total
-------------------------++-------
Melee: Unarmed           ||   612
       Punch             ||     9
 Cast: Sandblast         ||    33
Invok: Renounce Religion ||     1
  Use: Scroll            ||     3
Armor: Robe              ||     2
Dodge: Dodged            ||     5
